 Dungeon Crawl Stone Soup version 0.29.0-4-gdea44cf6ec (webtiles) character file.

Game seed: 9355017184535885533

6977 qw the Cleaver (level 11, -2/67 HPs)
             Began as a Tengu Warper on Aug 28, 2022.
             Was a Priest of Okawaru.
             Succumbed to a killer bee's poison
             ... on level 9 of the Dungeon.
             The game lasted 00:01:00 (9531 turns).

qw the Cleaver (Tengu Warper)                       Turns: 9531, Time: 00:01:00

Health: -2/67      AC: 17    Str: 22    XL:     11   Next: 8%
Magic:  14/15      EV: 12    Int: 13    God:    Okawaru [***...]
Gold:   93         SH:  0    Dex: 14    Spells: 14/14 levels left

rFire   + . .      SeeInvis .   Y - +2 war axe
rCold   + . .      Faith    .   (no shield)
rNeg    . . .      Spirit   .   q - +0 plate armour
rPois   .          Reflect  .   (helmet restricted)
rElec   .          Harm     .   k - scarf {rC+ rF+}
rCorr   .          Rampage  .   j - +1 pair of gloves
Will    .....                   (boots unavailable)
Stlth   ..........              (no amulet)
HPRegen 0.21/turn               l - +4 ring of slaying {mikee}
MPRegen 0.14/turn               o - +6 ring of strength

@: lethally poisoned (-2 -> -34), heroic, flying quickly and evasively, quick
A: beak, talons 3, nimble flight
a: Renounce Religion, Heroism


You were on level 9 of the Dungeon.
You worshipped Okawaru.
Okawaru was most pleased with you.
You visited 2 branches of the dungeon, and saw 10 of its levels.

You collected 379 gold pieces.
You spent 286 gold pieces at shops.


Innate Abilities, Weirdness & Mutations

You have a beak for a mouth.
You have claws for feet.
Your magical nature lets you fly swiftly and evasively.


   Skills:
 - Level 7.1(12.1) Fighting
 - Level 14.0(19.0) Axes
 - Level 1.0(6.0) Throwing
 + Level 6.4(11.4) Armour
 - Level 4.3(9.3) Dodging
 - Level 2.0 Spellcasting
 - Level 2.4 Translocations
 - Level 4.1 Invocations


You had 14 spell levels left.
You didn't know any spells.
Your spell library contained the following spells:

 Spells                   Type           Power      Damage    Failure   Level
 Blink                    Tloc           14%        N/A       87%         2
 Gell's Gravitas          Tloc           7%         N/A       98%         3
 Lesser Beckoning         Tloc           7%         N/A       98%         3
 Teleport Other           Tloc           7%         N/A       98%         3
 Manifold Assault         Tloc           7%         N/A       100%        5

Inventory:

Hand Weapons
 f - a +6 flail of protection
 Y - a +2 war axe (weapon)
Missiles
 e - 4 boomerangs (quivered)
Armour
 g - a +1 cloak
 j - a +1 pair of gloves (worn)
 k - a scarf of resistance (worn)
 q - a +0 plate armour (worn)
Jewellery
 l - a +4 ring of slaying (left hand) {mikee}
 o - a +6 ring of strength (right hand)
Scrolls
 a - 3 scrolls of identify
Potions
 c - 2 potions of haste
 d - 2 potions of might
 h - 4 potions of curing
 i - 2 potions of mutation
 m - 2 potions of cancellation
 p - a potion of resistance

Dungeon Overview and Level Annotations

Branches:
Dungeon (9/15)             Temple (1/1) D:6            Lair (0/5) D:8
    Orc: D:9-12

Altars:
Ashenzari
Cheibriados
Dithmenos
Elyvilon
Fedhas
Gozag
Hepliaklqana
Kikubaaqudgha
Makhleb
Nemelex Xobeh
Okawaru
Qazlal
Ru
Sif Muna
Trog
Vehumet
Wu Jian
Xom
Yredelemnul
Zin
The Shining One

Shops:
D:6 !   D:8 :(


Message History

The killer bee stings you. The killer bee misses you.
The killer bee closely misses you.
9527 ||| DRINKING potion of heal wounds.
You feel much better.
You feel very sick. The killer bee barely misses you.
The killer bee stings you!
The killer bee stings you but does no damage. x2
The killer bee stings you.
You are more poisoned.
The killer bee poisons you! The killer bee completely misses you.
You slash the killer bee!
You kill the killer bee!
Okawaru accepts your kill.
You hit the killer bee. You miss the killer bee.
You feel very sick. The killer bee closely misses you.
The killer bee stings you.
You are lethally poisoned!
The killer bee poisons you!
You miss the killer bee.
You peck the killer bee, but do no damage.
The killer bee is heavily wounded.
You miss the killer bee.
You feel very sick. The killer bee misses you. The killer bee stings you. x2
You are more poisoned.
The killer bee poisons you! The killer bee closely misses you.
You miss the killer bee. Your kick misses the killer bee.
Your peck misses the killer bee.
The killer bee is heavily wounded.
You hit the killer bee.
You feel very sick.
The killer bee stings you but does no damage.
The killer bee stings you.
You slice the killer bee!!
You kill the killer bee!
Okawaru accepts your kill.
You slash the killer bee!
You kill the killer bee!
Okawaru accepts your kill.
You die...

..........#
..........###
.......?....
...........
..........
##........##
#......%%..#
#.......@..#
#..........#
#..........#
#..........#
#.....<...##
...#......##
###....#
####....######..
...............#


There were no monsters in sight!

Vanquished Creatures
  Joseph (D:8)
  Maggie (D:6)
  2 wyverns
  A steam dragon (D:8)
  16 yaks
  Edmund (D:6)
  A water moccasin (D:5)
  Duvessa (D:7)
  4 ice beasts
  An orc warrior (D:7)
  2 sky beasts (D:7)
  3 black bears
  3 ogres
  6 centaurs
  A phantom (D:5)
  A kobold brigand (D:7)
  2 bullfrogs (D:7)
  A gnoll sergeant (D:6)
  Dowan (D:7)
  6 killer bees (D:9)
  A howler monkey (D:5)
  A jelly (D:6)
  6 hounds
  4 orc priests
  2 gnoll boudas (D:7)
  4 iguanas
  6 orc wizards
  Robin (D:2)
  13 gnolls
  10 adders
  2 shadow imps
  3 white imps (D:6)
  2 ufetubi (D:5)
  A worm (D:2)
  3 dart slugs
  25 orcs
  3 ball pythons
  2 bats
  9 endoplasms
  3 giant cockroaches
  16 goblins
  11 hobgoblins
  16 kobolds
  4 quokkas
  3 frilled lizards
  12 rats
218 creatures vanquished.

Vanquished Creatures (others)
  An orc wizard (D:7)
1 creature vanquished.

Grand Total: 219 creatures vanquished

Notes
Turn   | Place    | Note
-------+----------+-------------------------------------------
     0 | D:1      | qw the Tengu Warper began the quest for the Orb.
     0 | D:1      | Reached XP level 1. HP: 12/12 MP: 4/4
     0 | D:1      | 0 ||| qw: Version: 0.1-a-89-g26bdef1
     0 | D:1      | 0 ||| qw: Game counter: 486
     0 | D:1      | 0 ||| qw: Always use a shield: true
     0 | D:1      | 0 ||| qw: God list: Okawaru
     0 | D:1      | 0 ||| qw: Allow faded altars: false
     0 | D:1      | 0 ||| qw: Do Orc after D:15 true
     0 | D:1      | 0 ||| qw: Do second Lair branch before Depths: true
     0 | D:1      | 0 ||| qw: Lair rune preference: random
     0 | D:1      | 0 ||| qw: Plans: Normal
     0 | D:1      | 0 ||| PLANNING D:1-11
    65 | D:1      | Reached skill level 3 in Axes
    65 | D:1      | Reached XP level 2. HP: 12/17 MP: 6/6
   112 | D:1      | 112 ||| Stepping ~*~*~tactically~*~*~ (stealth).
   113 | D:1      | 113 ||| Stepping ~*~*~tactically~*~*~ (stealth).
   201 | D:1      | 201 ||| Stepping ~*~*~tactically~*~*~ (stealth).
   295 | D:1      | 295 ||| Stepping ~*~*~tactically~*~*~ (stealth).
   553 | D:1      | 553 ||| Stepping ~*~*~tactically~*~*~ (stealth).
   554 | D:1      | 554 ||| Stepping ~*~*~tactically~*~*~ (stealth).
   560 | D:1      | Reached XP level 3. HP: 21/21 MP: 7/7
   706 | D:1      | 706 ||| UPGRADING to +1 cloak.
   711 | D:1      | 711 ||| READING scroll labelled VEUR ARYLIKUS.
   712 | D:1      | 712 ||| DROPPING scroll of blinking.
   795 | D:2      | Reached skill level 4 in Axes
   859 | D:2      | Found a glowing silver altar of Zin.
   883 | D:2      | 883 ||| DROPPING +0 club.
  1029 | D:2      | 1029 ||| FLEEEEING.
  1165 | D:2      | 1165 ||| Stepping ~*~*~tactically~*~*~ (hiding).
  1267 | D:2      | 1267 ||| Stepping ~*~*~tactically~*~*~ (hiding).
  1280 | D:2      | Reached skill level 5 in Axes
  1280 | D:2      | Reached XP level 4. HP: 24/26 MP: 8/8
  1693 | D:2      | Found a faded altar of an unknown god.
  1755 | D:2      | 1755 ||| UPGRADING to +0 ring mail.
  1765 | D:2      | 1765 ||| DROPPING +0 leather armour.
  1766 | D:2      | 1766 ||| UPGRADING to +1 pair of gloves.
  1771 | D:2      | 1771 ||| READING 2 scrolls labelled CUCWUTULU.
  1772 | D:2      | 1772 ||| READING scroll labelled BESUCUZ FAJAKE.
  1773 | D:2      | 1773 ||| DRINKING 3 silvery potions.
  1806 | D:3      | 1806 ||| STAIRDANCE
  1811 | D:3      | 1811 ||| STAIRDANCE
  1815 | D:3      | Noticed Robin
  1816 | D:3      | 1816 ||| STAIRDANCE
  1822 | D:3      | 1822 ||| STAIRDANCE
  1856 | D:3      | 1856 ||| STAIRDANCE
  1863 | D:3      | 1863 ||| STAIRDANCE
  1868 | D:2      | Killed Robin
  1870 | D:2      | Gained mutation: Your magical nature lets you fly swiftly
                  | and evasively. [Tengu growth]
  1870 | D:2      | Reached XP level 5. HP: 21/30 MP: 9/9
  1959 | D:2      | 1959 ||| DRINKING 2 metallic brown potions.
  1960 | D:2      | 1960 ||| DROPPING potion of magic.
  1976 | D:3      | 1976 ||| DROPPING +0 whip.
  2197 | D:3      | Found a hazy altar of Hepliaklqana.
  2330 | D:3      | 2330 ||| Stepping ~*~*~tactically~*~*~ (stealth).
  2521 | D:3      | 2521 ||| UPGRADING to +4 ring of slaying {mikee}.
  2522 | D:3      | 2522 ||| READING scroll labelled QARILE BUZOOR.
  2525 | D:3      | 2525 ||| READING scroll labelled NANOHA PYHOASH.
  2526 | D:3      | 2526 ||| READING scroll labelled ROUMED QOCUXUWK.
  2527 | D:3      | 2527 ||| DRINKING 2 blue potions.
  2528 | D:3      | 2528 ||| DRINKING 3 bubbling inky potions.
  2554 | D:3      | 2554 ||| READING 3 scrolls of identify.
  2554 | D:3      | 2554 ||| IDENTIFYING fuming coppery potion
  2555 | D:3      | 2555 ||| READING 2 scrolls of identify.
  2555 | D:3      | 2555 ||| IDENTIFYING puce potion
  2556 | D:3      | 2556 ||| DROPPING 2 potions of lignification.
  2557 | D:3      | 2557 ||| DROPPING potion of flight.
  2558 | D:3      | 2558 ||| DROPPING potion of invisibility.
  2576 | D:4      | Reached skill level 6 in Axes
  2699 | D:4      | Noticed an ogre
  2707 | D:4      | Killed an ogre
  2708 | D:4      | Reached XP level 6. HP: 35/35 MP: 10/10
  2731 | D:4      | Found an ornate altar of the Wu Jian Council.
  2747 | D:4      | Reached skill level 7 in Axes
  2793 | D:4      | 2793 ||| SWAPPING to +0 war axe.
  2808 | D:4      | 2808 ||| DROPPING +1 hand axe of freezing.
  3053 | D:4      | 3053 ||| READING scroll labelled LUUCIV WOUCO.
  3054 | D:4      | 3054 ||| READING scroll labelled OBLEOM HU FEGH.
  3088 | D:5      | Entered Level 5 of the Dungeon
  3247 | D:5      | Reached skill level 3 in Fighting
  3247 | D:5      | 3247 ||| Stepping ~*~*~tactically~*~*~ (stealth).
  3499 | D:5      | Noticed a water moccasin
  3501 | D:5      | 3501 ||| Stepping ~*~*~tactically~*~*~ (stealth).
  3505 | D:5      | Killed a water moccasin
  3506 | D:5      | Reached skill level 8 in Axes
  3506 | D:5      | Reached XP level 7. HP: 41/41 MP: 11/11
  3666 | D:5      | Reached skill level 3 in Dodging
  3828 | D:5      | 3828 ||| Stepping ~*~*~tactically~*~*~ (stealth).
  3957 | D:5      | 3957 ||| Stepping ~*~*~tactically~*~*~ (stealth).
  3974 | D:5      | Reached XP level 8. HP: 37/46 MP: 12/12
  4034 | D:5      | 4034 ||| Stepping ~*~*~tactically~*~*~ (hiding).
  4042 | D:5      | Reached skill level 9 in Axes
  4610 | D:5      | 4610 ||| DROPPING orb of energy.
  4611 | D:5      | 4611 ||| UPGRADING to +6 ring of strength.
  4612 | D:5      | 4612 ||| READING 2 scrolls labelled PAGHOMECKO.
  4613 | D:5      | 4613 ||| READING 3 scrolls of identify.
  4613 | D:5      | 4613 ||| IDENTIFYING fuming grey potion
  4614 | D:5      | 4614 ||| READING 2 scrolls of identify.
  4614 | D:5      | 4614 ||| IDENTIFYING fizzy purple potion
  4615 | D:5      | 4615 ||| DROPPING scroll of noise.
  4616 | D:5      | 4616 ||| DROPPING potion of degeneration.
  4632 | D:6      | 4632 ||| Stepping ~*~*~tactically~*~*~ (stealth).
  4648 | D:6      | HP: 10/48 [gnoll/+0 halberd[a gnoll sergeant] (5)]
  4649 | D:6      | 4649 ||| READING scroll of teleportation.
  4956 | D:6      | Noticed Edmund
  4967 | D:6      | Killed Edmund
  4968 | D:6      | Reached skill level 10 in Axes
  5091 | D:6      | Found a staircase to the Ecumenical Temple.
  5092 | D:6      | 5092 ||| PLANNING TEMPLE
  5092 | D:6      | 5092 ||| UPGRADING to +0 chain mail.
  5102 | D:6      | 5102 ||| DROPPING +0 ring mail.
  5108 | Temple   | Entered the Ecumenical Temple
  5240 | Temple   | Became a worshipper of Warmaster Okawaru
  5355 | Temple   | 5355 ||| PLANNING D:1-11
  5440 | D:6      | 5440 ||| Stepping ~*~*~tactically~*~*~ (stealth).
  5441 | D:6      | 5441 ||| Stepping ~*~*~tactically~*~*~ (stealth).
  5443 | D:6      | 5443 ||| Stepping ~*~*~tactically~*~*~ (hiding).
  5450 | D:6      | Reached skill level 3 in Armour
  5559 | D:6      | 5559 ||| READING scroll of enchant weapon.
  5559 | D:6      | 5559 ||| ENCHANTING +0 war axe.
  5570 | D:6      | 5570 ||| Stepping ~*~*~tactically~*~*~ (hiding).
  5571 | D:6      | 5571 ||| Stepping ~*~*~tactically~*~*~ (hiding).
  5784 | D:6      | 5784 ||| Stepping ~*~*~tactically~*~*~ (hiding).
  5789 | D:6      | 5789 ||| Stepping ~*~*~tactically~*~*~ (stealth).
  5793 | D:6      | 5793 ||| Stepping ~*~*~tactically~*~*~ (stealth).
  5794 | D:6      | 5794 ||| Stepping ~*~*~tactically~*~*~ (stealth).
  5817 | D:6      | Noticed Maggie
  5825 | D:6      | Killed Maggie
  5825 | D:6      | Reached * piety under Okawaru
  5826 | D:6      | Reached XP level 9. HP: 43/54 MP: 13/13
  5982 | D:6      | 5982 ||| INVOKING Heroism.
  6002 | D:6      | 6002 ||| INVOKING Heroism.
  6005 | D:6      | Reached skill level 11 in Axes
  6005 | D:6      | Reached skill level 1 in Invocations
  6045 | D:6      | 6045 ||| Stepping ~*~*~tactically~*~*~ (stealth).
  6047 | D:6      | 6047 ||| INVOKING Heroism.
  6059 | D:6      | Reached skill level 3 in Invocations
  6061 | D:6      | Reached ** piety under Okawaru
  6202 | D:6      | Found Jyal's Distillery.
  6204 | D:6      | 6204 ||| INVOKING Heroism.
  6205 | D:6      | 6205 ||| Stepping ~*~*~tactically~*~*~ (hiding).
  6236 | D:6      | 6236 ||| BUYING potion of cancellation (88 gold).
  6236 | D:6      | Bought a potion of cancellation for 88 gold pieces
  6236 | D:6      | 6236 ||| BUYING potion of curing (33 gold).
  6236 | D:6      | Bought a potion of curing for 33 gold pieces
  6236 | D:6      | 6236 ||| BUYING potion of heal wounds (55 gold).
  6236 | D:6      | Bought a potion of heal wounds for 55 gold pieces
  6236 | D:6      | 6236 ||| BUYING potion of resistance (110 gold).
  6236 | D:6      | Bought a potion of resistance for 110 gold pieces
  6650 | D:6      | 6650 ||| UPGRADING to scarf of resistance.
  6660 | D:6      | 6660 ||| READING 2 scrolls of identify.
  6660 | D:6      | 6660 ||| IDENTIFYING smoky yellow potion
  6730 | D:7      | 6730 ||| STAIRDANCE
  6779 | D:7      | 6779 ||| Stepping ~*~*~tactically~*~*~ (hiding).
  6781 | D:7      | 6781 ||| INVOKING Heroism.
  6784 | D:7      | 6784 ||| STAIRDANCE
  6798 | D:7      | 6798 ||| STAIRDANCE
  6804 | D:7      | 6804 ||| Stepping ~*~*~tactically~*~*~ (hiding).
  6805 | D:7      | 6805 ||| Stepping ~*~*~tactically~*~*~ (hiding).
  6806 | D:7      | 6806 ||| Stepping ~*~*~tactically~*~*~ (hiding).
  6812 | D:7      | Reached skill level 12 in Axes
  6812 | D:7      | Reached XP level 10. HP: 59/59 MP: 14/14
  6832 | D:7      | 6832 ||| INVOKING Heroism.
  6887 | D:7      | 6887 ||| INVOKING Heroism.
  6980 | D:7      | 6980 ||| READING scroll of enchant weapon.
  6980 | D:7      | 6980 ||| ENCHANTING +1 war axe.
  7018 | D:7      | Reached skill level 6 in Fighting
  7051 | D:7      | 7051 ||| Stepping ~*~*~tactically~*~*~ (stealth).
  7053 | D:7      | 7053 ||| Stepping ~*~*~tactically~*~*~ (stealth).
  7066 | D:7      | Noticed Dowan
  7072 | D:7      | 7072 ||| INVOKING Heroism.
  7075 | D:7      | Killed Dowan
  7118 | D:7      | Noticed Duvessa
  7119 | D:7      | 7119 ||| INVOKING Heroism.
  7127 | D:7      | Killed Duvessa
  7345 | D:7      | Identified the +3 rapier of Bodily Harmony {venom, Drain
                  | +Blink Str+2 Dex+3}
  7535 | D:7      | 7535 ||| UPGRADING to +0 plate armour.
  7545 | D:7      | 7545 ||| DROPPING +0 chain mail.
  7546 | D:7      | 7546 ||| READING scroll labelled RODOPU CURR.
  7647 | D:7      | 7647 ||| READING 3 scrolls of identify.
  7647 | D:7      | 7647 ||| IDENTIFYING emerald potion
  7648 | D:7      | 7648 ||| DROPPING potion of attraction.
  7656 | D:8      | 7656 ||| STAIRDANCE
  7707 | D:7      | 7707 ||| DROPPING +0 flail.
  7711 | D:8      | 7711 ||| STAIRDANCE
  7713 | D:7      | 7713 ||| INVOKING Heroism.
  7789 | D:8      | 7789 ||| STAIRDANCE
  7791 | D:7      | 7791 ||| INVOKING Heroism.
  7834 | D:8      | 7834 ||| STAIRDANCE
  7842 | D:8      | 7842 ||| STAIRDANCE
  7844 | D:7      | 7844 ||| INVOKING Heroism.
  7968 | D:8      | Reached skill level 6 in Armour
  7991 | D:8      | Found Hepsuat's Weapon Shop.
  7998 | D:8      | 7998 ||| SHOPLISTING +1 hand axe of flaming (161 gold, have
                  | 72).
  8029 | D:8      | Found Reogosex's Book Emporium.
  8058 | D:8      | 8058 ||| INVOKING Heroism.
  8386 | D:8      | 8386 ||| Stepping ~*~*~tactically~*~*~ (hiding).
  8532 | D:8      | 8532 ||| Stepping ~*~*~tactically~*~*~ (stealth).
  8533 | D:8      | 8533 ||| Stepping ~*~*~tactically~*~*~ (stealth).
  8536 | D:8      | 8536 ||| Stepping ~*~*~tactically~*~*~ (stealth).
  8537 | D:8      | 8537 ||| Stepping ~*~*~tactically~*~*~ (stealth).
  8539 | D:8      | 8539 ||| INVOKING Heroism.
  8552 | D:8      | Reached *** piety under Okawaru
  8553 | D:8      | Reached skill level 13 in Axes
  8765 | D:8      | 8765 ||| INVOKING Heroism.
  8773 | D:8      | Noticed Joseph
  8785 | D:8      | Killed Joseph
  9149 | D:8      | Found a staircase to the Lair.
  9321 | D:8      | 9321 ||| DROPPING scarf of invisibility.
  9322 | D:8      | 9322 ||| READING scroll labelled QIUCSO GUHUO.
  9335 | D:8      | 9335 ||| Stepping randomly (stuck).
  9378 | D:9      | Reached skill level 14 in Axes
  9446 | D:9      | Reached XP level 11. HP: 58/66 MP: 15/15
  9519 | D:9      | 9519 ||| INVOKING Heroism.
  9526 | D:9      | HP: 15/67 [killer bee (3)]
  9527 | D:9      | 9527 ||| DRINKING potion of heal wounds.
  9530 | D:9      | HP: 5/67 [poisoned by a killer bee]
  9531 | D:9      | Succumbed to a killer bee's poison

Levels and vault maps discovered:
D:1:      mainiacjoe_arrival_reflecting_pool, layout_rooms
D:2:      layout_basic, basic_altar, shapermc_ecumenical_altar_mp_highgroup,
          kennysheep_big_empty_room
D:3:      layout_rooms, lemuel_crystal_altar, serial_rivers,
          chequers_serial_rivers_micro_e, chequers_serial_rivers_small_b,
          chequers_serial_rivers_micro_c, chequers_serial_rivers_room_a,
          uniq_robin
D:4:      layout_basic, mainiacjoe_overflow_24_doors
D:5:      black_bear_nest_2, layout_basic, kennysheep_minor_cross,
          minmay_manual_moon
D:6:      layout_basic, minmay_temple_entry_offerings, serial_shops,
          nicolae_diamond_shop, minmay_circle_x, uniq_edmund, uniq_maggie
D:7:      layout_cave_pools, uniq_duvessa
D:8:      layout_layer_cave, lair_entry_dummy, enter_bailey_8, serial_shops,
          nicolae_take_the_stairs, nicolae_shop_competitors_out_of_business,
          uniq_joseph
D:9:      layout_rooms, nicolae_shop_sticking_my_neck_out
Temple:   hc_temple_tempest_star

Skill      XL: |  1  2  3  4  5  6  7  8  9 10 11 |
---------------+----------------------------------+-----
Axes           | 3 5 6 8 10 12 14 | 14.0
Fighting       | 3 5 6 7 |  7.1
Armour         | 2 4 6 |  6.4
Dodging        | 3 4 |  4.3
Invocations    | 4 |  4.1
Throwing       | |  1.0
Spellcasting   | |  2.0
Translocations | |  2.4

Action                   |  1- 3 |  4- 6 |  7- 9 | 10-12 || total
-------------------------+-------+-------+-------+-------++-------
Melee: Hand axe          |    62 |    91 |       |       ||   153
       Kick              |    13 |    26 |    40 |    34 ||   113
       Peck              |     8 |    12 |    25 |    30 ||    75
       Punch             |     1 |     1 |     1 |     5 ||     8
       War axe           |       |    27 |   142 |   126 ||   295
Throw: Boomerang         |    16 |     1 |    35 |    34 ||    86
Invok: Heroism           |       |       |     5 |    11 ||    16
  Use: Scroll            |     1 |     9 |     6 |     4 ||    20
       Potion            |       |     4 |       |     1 ||     5
 Stab: Distracted        |       |       |     1 |       ||     1
Armor: Leather armour    |    15 |     3 |       |       ||    18
       Ring mail         |       |    36 |    29 |       ||    65
       Chain mail        |       |       |    41 |    20 ||    61
       Plate armour      |       |       |       |    62 ||    62
Dodge: Dodged            |    25 |    61 |    88 |    97 ||   271

Table legend:
 A = Non-vault XP
 B = Vault XP
 C = Vault XP percentage of total XP
 D = Non-vault monster count
 E = Vault monster count
 F = Vault count percentage of total count
                 A         B        C        D         E       F
            +---------+---------+-------+---------+---------+-------
      Total |    8081 |    2009 |  19.9 |     189 |      30 |  13.7
            +---------+---------+-------+---------+---------+-------
        D:1 |      35 |       0 |   0.0 |      21 |       0 |   0.0
        D:2 |      95 |      36 |  27.5 |      22 |      11 |  33.3
        D:3 |      54 |       2 |   3.6 |      18 |       1 |   5.3
        D:4 |     193 |       0 |   0.0 |      14 |       0 |   0.0
        D:5 |     568 |     451 |  44.3 |      23 |       6 |  20.7
        D:6 |    2007 |     834 |  29.4 |      27 |       9 |  25.0
        D:7 |    2344 |     211 |   8.3 |      43 |       2 |   4.4
        D:8 |    1386 |     475 |  25.5 |      10 |       1 |   9.1
        D:9 |    1399 |       0 |   0.0 |      11 |       0 |   0.0
            +---------+---------+-------+---------+---------+-------
